 Dungeon Crawl Stone Soup version 0.28.0-53-g5a82cb258f (webtiles) character file.

Game seed: 14916250642482993625

3611 ic1 the Cleaver (level 9, -8/83 HPs)
             Began as a Minotaur Fighter on July 22, 2022.
             Was an Initiate of Ashenzari.
             Killed by divine providence
             ... invoked by an orc priest
              (10 damage)
             ... on level 8 of the Dungeon.
             The game lasted 00:34:02 (9427 turns).

ic1 the Cleaver (Minotaur Fighter)                  Turns: 9427, Time: 00:34:03

Health: -8/83      AC:  8    Str: 25    XL:     9   Next: 86%
Magic:  8/8        EV: 11    Int:  5    God:    Ashenzari [......]
Gold:   152        SH:  6    Dex: 16    Spells: 8/8 levels left

rFire   . . .      SeeInvis +   o - +3 hand axe (elec)
rCold   . . .      Faith    .   c - +0 buckler
rNeg    . . .      Spirit   .   A - +0 steam dragon scales
rPois   .          Reflect  .   (helmet unavailable)
rElec   .          Harm     .   n - +0 cloak
rCorr   .          Rampage  .   (no gloves)
Will    .....                   u - +0 pair of boots
Stlth   +.........              (no amulet)
HPRegen 0.23/turn               z - +6 ring of dexterity
MPRegen 0.11/turn               D - ring of see invisible

@: no status effects
A: horns 3, retaliatory headbutt, MP-powered wands
a: Renounce Religion


You were on level 8 of the Dungeon.
You worshipped Ashenzari.
Ashenzari was noncommittal.
You visited 2 branches of the dungeon, and saw 9 of its levels.

You collected 377 gold pieces.
You spent 225 gold pieces at shops.

Inventory:

Hand Weapons
 l - a +2 trident of protection
 o - a +3 hand axe of electrocution (weapon)
 C - a +2 mace of draining
Missiles
 h - 109 stones
 q - 6 javelins
 w - 5 poisoned darts
 x - 8 boomerangs (quivered)
Armour
 b - a +0 scale mail
 c - a +0 buckler (worn)
 n - a +0 cloak (worn)
 u - a +0 pair of boots (worn)
 A - +0 steam dragon scales (worn)
Jewellery
 z - a +6 ring of dexterity (left hand)
 D - a ring of see invisible (right hand)
Wands
 a - a wand of polymorph (12)
 y - a wand of acid (7)
Scrolls
 e - 5 scrolls of vulnerability
 f - 2 scrolls of enchant armour {unknown}
 g - a scroll of noise {unknown}
 i - a scroll of amnesia {unknown}
 j - a scroll of fog {unknown}
 k - 2 scrolls of immolation {unknown}
 m - 7 scrolls of teleportation
 v - 2 scrolls of identify
Potions
 d - 2 potions of might
 p - 4 potions of haste
 r - a potion of heal wounds
 s - a potion of brilliance {unknown}
 t - a potion of degeneration {unknown}
 B - a potion of flight {unknown}


   Skills:
 + Level 9.3 Fighting
 * Level 10.3(11.1) Axes
 - Level 6.3(9.2) Polearms
 - Level 3.6 Armour
 + Level 9.2 Shields


You had 8 spell levels left.
You didn't know any spells.
Your spell library contained the following spells:

 Spells                   Type           Power      Damage    Failure   Level
 Magic Dart               Conj           0%         1d3       54%         1
 Blink                    Tloc           0%         N/A       69%         2
 Call Imp                 Summ           0%         N/A       69%         2
 Frozen Ramparts          Ice            0%         1d2       89%         3
 Mephitic Cloud           Conj/Pois/Air  0%         N/A       89%         3
 Ozocubu's Armour         Ice            0%         N/A       89%         3
 Airstrike                Air            0%         N/A       100%        4
 Ice Form                 Ice/Tmut       0%         N/A       100%        4
 Summon Ice Beast         Ice/Summ       0%         N/A       100%        4
 Summon Lightning Spire   Summ/Air       0%         N/A       100%        4
 Lightning Bolt           Conj/Air       0%         1d11      100%        5
 Manifold Assault         Tloc           0%         N/A       100%        5
 Ozocubu's Refrigeration  Ice            0%         4d5       100%        7
 Storm Form               Tmut/Air       0%         N/A       100%        7


Dungeon Overview and Level Annotations

Branches:
Dungeon (8/15)             Temple (1/1) D:7
   Lair: D:8-11

Altars:
Ashenzari
Cheibriados
Elyvilon
Fedhas
Gozag
Hepliaklqana
Kikubaaqudgha
Makhleb
Nemelex Xobeh
Okawaru
Qazlal
Sif Muna
Trog
Wu Jian
Zin
The Shining One

Shops:
D:7 =


Innate Abilities, Weirdness & Mutations

You have a pair of large horns on your head.
You reflexively headbutt those who attack you in melee.
You expend magic power (3 MP) to strengthen your wands.


Message History

The orc priest invokes the aid of Beogh against you.
Beogh smites you!
You hit the orc. You headbutt the orc.
You kill the orc!
The orc priest mumbles some strange prayers to Beogh against you.
Beogh smites you! You block the orc priest's attack.
Things that are here:
a +0 whip; a +0 chain mail; an orc corpse You hit the orc priest but do no damage.
You slash the orc priest!
The orc priest is severely wounded.
The orc priest hits you but does no damage.
You closely miss the orc priest.
The orc priest is severely wounded.
You hit the orc warrior.
The orc warrior hits you with a +0 hand axe!
The orc barely misses you.
The orc priest calls upon Beogh to heal the orc warrior.
The orc warrior is healed somewhat.
The orc warrior hits you with a +0 hand axe!
* * * LOW HITPOINT WARNING * * *
You hit the orc priest but do no damage.
The orc priest is severely wounded.
You hit the orc warrior but do no damage.
You closely miss the orc. The orc hits you but does no damage.
The orc priest mumbles some strange prayers to Beogh against you.
Pain shoots through your body!
* * * LOW HITPOINT WARNING * * *
The orc warrior hits you with a +0 hand axe!
* * * LOW HITPOINT WARNING * * *
The orc priest completely misses you. You furiously retaliate!
You headbutt the orc priest. You block the orc warrior's attack.
Things that are here:
a +0 whip; a +0 chain mail; an orc corpse The orc priest hits you with a +0 club.
* * * LOW HITPOINT WARNING * * *
The orc priest mumbles some strange prayers to Beogh against you.
Beogh smites you!
You die...

.... ....#......###...
.... ....##.....##....
#..###...###..........
#..#..!.##.....###...
#......###.....## .
###......##.......##..
##........###...#......
##.........###...#......
#..........oo.@.........
#......<...[o.[##......#
##.............# .......
###....................
##...................
#...................
#.......##...........
#......##............
....##.. ...


You could see an orc warrior, an orc priest and an orc.

Vanquished Creatures
  Maggie (D:6)
  A wraith (D:6)
  Eustachio (D:6)
  A steam dragon (D:6)
  Menkaure (D:6)
  Edmund (D:4)
  2 water moccasins (D:5)
  Duvessa (D:4)
  An ice beast (D:5)
  An orc warrior (D:7)
  The ghost of zorgos the Covered, an amateur MiFi (D:4)
  2 sky beasts
  An ogre (D:6)
  A phantom (D:6)
  3 bullfrogs
  A wyvern zombie (D:6)
  A gnoll sergeant (D:5)
  A scorpion (D:7)
  A water moccasin skeleton (D:5)
  Dowan (D:4)
  A howler monkey (D:5)
  2 hounds (D:5)
  A bullfrog zombie (D:6)
  A centaur skeleton (D:7)
  A jelly (D:7)
  Crazy Yiuf (D:3)
  3 orc priests
  Ijyb (D:5)
  5 iguanas
  Natasha (thrice) (D:2)
  6 orc wizards
  A killer bee zombie (D:7)
  28 gnolls
  7 adders
  2 shadow imps (D:6)
  3 ufetubi
  An adder skeleton (D:4)
  2 worms
  2 dart slugs (D:1)
  55 orcs
  8 endoplasms
  3 giant cockroaches
  3 goblins
  7 hobgoblins
  19 jackals
  4 quokkas
  5 ball pythons
  3 bats
  4 kobolds
  5 rats
211 creatures vanquished.

Vanquished Creatures (others)
  An orc (D:8)
  2 plants (D:5)
3 creatures vanquished.

Grand Total: 214 creatures vanquished

Notes
Turn   | Place    | Note
-------+----------+-------------------------------------------
     0 | D:1      | ic1 the Minotaur Fighter began the quest for the Orb.
     0 | D:1      | Reached XP level 1. HP: 19/19 MP: 0/0
    93 | D:1      | Reached XP level 2. HP: 26/27 MP: 1/1
   107 | D:1      | Reached skill level 3 in Axes
   349 | D:1      | Reached XP level 3. HP: 33/33 MP: 2/2
   767 | D:1      | Found a faded altar of an unknown god.
  1253 | D:2      | Noticed Natasha
  1261 | D:2      | Killed Natasha
  1262 | D:2      | Reached skill level 4 in Axes
  1262 | D:2      | Reached XP level 4. HP: 13/41 MP: 3/3
  1415 | D:2      | Noticed Natasha
  1424 | D:2      | Killed Natasha
  1994 | D:2      | Noticed Natasha
  2001 | D:2      | Killed Natasha
  2546 | D:3      | Reached XP level 5. HP: 45/47 MP: 4/4
  2551 | D:3      | Reached skill level 5 in Axes
  2836 | D:3      | Found a runed translucent door.
  2837 | D:3      | Noticed Crazy Yiuf
  3357 | D:3      | Killed Crazy Yiuf
  3358 | D:3      | Reached skill level 1 in Polearms
  3657 | D:4      | Reached skill level 5 in Fighting
  3673 | D:4      | Found a runed translucent door.
  3681 | D:4      | Noticed zorgos's ghost (amateur MiFi)
  3727 | D:4      | Reached skill level 5 in Shields
  3740 | D:4      | Reached XP level 6. HP: 36/56 MP: 5/5
  3754 | D:4      | Killed zorgos's ghost
  4104 | D:4      | Found an ornate altar of the Wu Jian Council.
  4152 | D:4      | Found an iron altar of Okawaru.
  4302 | D:4      | Noticed Duvessa
  4302 | D:4      | Noticed Dowan
  4315 | D:4      | Killed Duvessa
  4316 | D:4      | Reached XP level 7. HP: 38/60 MP: 6/6
  4341 | D:4      | Gained mutation: You have a pair of large horns on your
                  | head. [potion of mutation]
  4341 | D:4      | Gained mutation: You expend magic power (3 MP) to
                  | strengthen your wands. [potion of mutation]
  4352 | D:4      | Killed Dowan
  4649 | D:4      | Noticed Edmund
  4666 | D:4      | Killed Edmund
  4667 | D:4      | Reached skill level 5 in Polearms
  4792 | D:4      | Found a bloodstained altar of Trog.
  5228 | D:5      | Entered Level 5 of the Dungeon
  5645 | D:5      | Reached XP level 8. HP: 69/71 MP: 7/7
  6293 | D:5      | Reached skill level 6 in Axes
  6492 | D:5      | Found a stormy altar of Qazlal.
  6524 | D:5      | Noticed Ijyb
  6537 | D:5      | Killed Ijyb
  6588 | D:5      | Found a sparkling altar of Nemelex Xobeh.
  6624 | D:5      | Reached skill level 7 in Axes
  7227 | D:6      | Noticed Eustachio
  7250 | D:6      | Killed Eustachio
  7331 | D:6      | Reached skill level 8 in Axes
  7331 | D:6      | Reached XP level 9. HP: 75/81 MP: 8/8
  7623 | D:6      | Found a shimmering blue altar of Sif Muna.
  7747 | D:6      | Noticed Menkaure
  7759 | D:6      | Killed Menkaure
  7870 | D:6      | Noticed Maggie
  7885 | D:6      | Reached skill level 9 in Axes
  7887 | D:6      | Killed Maggie
  8665 | D:7      | Found Exeucar's Jewellery Shoppe.
  8680 | D:7      | Bought a ring of see invisible for 225 gold pieces
  8727 | D:7      | Found a burning altar of Makhleb.
  8744 | D:7      | Reached skill level 10 in Axes
  8942 | D:7      | Found a staircase to the Ecumenical Temple.
  8950 | Temple   | Entered the Ecumenical Temple
  9015 | Temple   | Became a worshipper of Ashenzari the Shackled
  9426 | D:8      | HP: 1/83 [orc priest/+0 club (5)]
  9427 | D:8      | Killed from afar by an orc priest

Illustrated notes

Levels and vault maps discovered:
D:1:      sevenhm_arrival_forest_fort_small_5, layout_basic,
          dreamdust_ecumenical_altar_angels_and_demons, minivault_11,
          st_stairs_2
D:2:      layout_basic, minmay_misc_feat_columns, grunt_ministairs_13,
          uniq_natasha
D:3:      layout_loops_corners, uniq_crazy_yiuf_cottage
D:4:      layout_gridville, lemuel_tele_altar, lemuel_round_altar,
          mainiacjoe_overflow_brackets, ebering_ghost_sewer_d,
          wad_rectangle_vault, uniq_edmund, uniq_duvessa
D:5:      lemuel_castle_with_subvaults [lemuel_castle_interior_carwin_1],
          layout_loops_ring, nemelex_diamond_rough_becter,
          nicolae_qazlal_scattered_showers, serial_park_tiny_pond, uniq_ijyb
D:6:      layout_loops_cross, nicolae_sif_muna_little_library, uniq_eustachio,
          uniq_menkaure, uniq_maggie
D:7:      layout_loops_cross, nicolae_overflow_hidden_temple,
          minmay_temple_entry_sparse_star, serial_shops, shop
D:8:      layout_cave_pools
Temple:   bh_familiar_temple

Skill      XL: |  1  2  3  4  5  6  7  8  9 |
---------------+----------------------------+-----
Axes           | 3 4 5 8 10 | 10.3
Fighting       | 4 5 6 8 9 |  9.3
Shields        | 4 5 6 7 9 |  9.2
Polearms       | 2 4 6 |  6.3
Armour         | |  3.6

Action                   |  1- 3 |  4- 6 |  7- 9 || total
-------------------------+-------+-------+-------++-------
Melee: War axe           |    74 |    53 |       ||   127
       Headbutt          |     7 |    20 |    61 ||    88
       Trident           |       |    69 |   115 ||   184
       Hand axe          |       |       |   285 ||   285
       Unarmed           |       |       |     6 ||     6
Throw: Stone             |       |       |    16 ||    16
       Dart              |       |       |     5 ||     5
       Boomerang         |       |       |     8 ||     8
  Use: Potion            |       |       |     4 ||     4
       Scroll            |       |       |     3 ||     3
Armor: Scale mail        |    24 |    39 |    94 ||   157
       Steam dragon scal |       |       |    33 ||    33
Dodge: Dodged            |    42 |    44 |   130 ||   216
Block: Buckler           |    15 |    25 |    63 ||   103
